 Dungeon Crawl Stone Soup version 0.29.1-2-gbd0b4ee654 (webtiles) character file.

Game seed: 16947231166731683769

144 Sabo the Trooper (level 5, 0/41 HPs)
             Began as a Demonspawn Fighter on Nov 24, 2022.
             Was a Believer of Qazlal.
             Frozen to death by an endoplasm (3 damage)
             ... on level 2 of the Dungeon.
             The game lasted 00:10:24 (2333 turns).

Sabo the Trooper (Demonspawn Fighter)               Turns: 2333, Time: 00:10:27

Health: 0/41       AC: -1    Str: 18    XL:     5   Next: 5%
Magic:  0/5        EV:  5    Int:  9    God:    Qazlal [**....]
Gold:   57         SH: 13    Dex: 13    Spells: 4/4 levels left

rFire   . . .      SeeInvis .   a - +0 war axe
rCold   . . .      Faith    .   h - +2 kite shield
rNeg    . . .      Spirit   +   t - +0 chain mail
rPois   +          Reflect  .   (no helmet)
rElec   .          Harm     .   (no cloak)
rCorr   .          Rampage  .   n - +0 pair of gloves
Will    +....                   (no boots)
Stlth   ..........              o - amulet of guardian spirit
HPRegen 1.13/turn               i - ring of poison resistance
MPRegen 0.09/turn               p - ring of willpower

@: mighty, corroded
A: powered by death 2, demonic touch 1
a: Renounce Religion, Upheaval


You were on level 2 of the Dungeon.
You worshipped Qazlal.
Qazlal was pleased with you.
You visited 1 branch of the dungeon, and saw 2 of its levels.

You collected 57 gold pieces.

Inventory:

Hand Weapons
 a - a +0 war axe (weapon)
 r - a +0 sling
 s - a +1 dagger of venom
Missiles
 c - 8 poisoned darts (quivered)
Armour
 h - a +2 kite shield (worn)
 n - a +0 pair of gloves (worn)
 t - a +0 chain mail (worn)
Jewellery
 i - a ring of poison resistance (left hand)
 o - an amulet of guardian spirit (around neck)
 p - a ring of willpower (right hand)
Scrolls
 j - 3 scrolls of amnesia
 q - a scroll of magic mapping {unknown}
Potions
 e - a potion of brilliance {unknown}
 f - 3 potions of mutation
 g - a potion of haste {unknown}
 k - a potion of curing {unknown}
 l - 2 potions of magic {unknown}
 m - a potion of cancellation {unknown}


   Skills:
 + Level 3.6 Fighting
 + Level 2.9 Axes
 + Level 3.4 Armour
 + Level 0.4 Dodging
 + Level 3.5 Shields


You had 4 spell levels left.
You didn't know any spells.
Your spell library contained the following spells:

 Spells                   Type           Power      Damage    Failure   Level
 Dazzling Flash           Conj/Hex       0%         N/A       100%        3
 Iskenderun's Mystic Bla  Conj/Tloc      0%         2d3       100%        4
 Starburst                Conj/Fire      0%         6d3       100%        6


Dungeon Overview and Level Annotations

Branches:
Dungeon (2/15)

Altars:
Qazlal
Vehumet


Innate Abilities, Weirdness & Mutations

You regenerate health from kills.
Your touch may inflict minor irresistible damage on your foes.


Message History

You feel very mighty all of a sudden. The endoplasm freezes you.
You are frozen.
* * * LOW HITPOINT WARNING * * *
The endoplasm jiggles.
You slice the endoplasm!!
You kill the endoplasm!
Qazlal accepts your kill.
You hit the endoplasm but do no damage. You block the endoplasm's attack.
The endoplasm hits you.
* * * LOW HITPOINT WARNING * * *
The endoplasm jiggles.
You hit the endoplasm but do no damage. The endoplasm freezes you.
You are frozen.
* * * LOW HITPOINT WARNING * * *
You hit the endoplasm but do no damage. You block the endoplasm's attack.
The endoplasm hits you.
* * * LOW HITPOINT WARNING * * *
You hit the endoplasm.
The endoplasm is severely wounded.
The endoplasm freezes you.
You are frozen.
* * * LOW HITPOINT WARNING * * *
You hit the endoplasm.
The endoplasm is almost dead.
The endoplasm freezes you.
You are frozen.
* * * LOW HITPOINT WARNING * * *
You block the endoplasm's attack.
You slash the endoplasm!
You kill the endoplasm!
Qazlal accepts your kill.
You barely miss the endoplasm. The endoplasm freezes you.
You are frozen.
* * * LOW HITPOINT WARNING * * *
The endoplasm freezes you.
You are frozen.
You die...

####...#############....#
.......# #########
####.#.##$.....##.#######
...#...##.P.÷J.#.#.#....#####
##.######......#.#.#.....##.#
#÷..J..#.#'#......'.## #####
#.÷..÷J#)#........'..#### ##.†.#
##...P.J#.#........'..)..#
.....#.##.....J#@#...[...##.###.#
####.#.##.÷..JJJ##......#######..
..^....##....÷J########## #......
####.########## ######...##. #.#
##############........... #.#
#............#.####...###
####.####.#.#...####.#.# #...#
#...<.<............#.#)# #.###
#......##.#.....####.#>####.###


You could see 4 endoplasms.

Vanquished Creatures
  2 jellies (D:2)
  Terence (D:2)
  An adder (D:2)
  A ball python (D:1)
  4 endoplasms (D:2)
  2 giant cockroaches
  5 goblins
  3 hobgoblins
  6 jackals (D:2)
  A quokka (D:1)
  5 bats
  11 kobolds
  9 rats
51 creatures vanquished.

Vanquished Creatures (others)
  2 fungi (D:2)
  12 toadstools (D:2)
14 creatures vanquished.

Grand Total: 65 creatures vanquished

Notes
Turn   | Place    | Note
-------+----------+-------------------------------------------
     0 | D:1      | Sabo the Demonspawn Fighter began the quest for the Orb.
     0 | D:1      | Reached XP level 1. HP: 18/18 MP: 1/1
   308 | D:1      | Found a faded altar of an unknown god.
   312 | D:1      | Prayed at the altar of an unknown god.
   312 | D:1      | Became a worshipper of Qazlal Stormbringer
   312 | D:1      | Reached * piety under Qazlal
   368 | D:1      | Gained mutation: Your touch may inflict minor irresistible
                  | damage on your foes. [demonic ancestry]
   368 | D:1      | Reached XP level 2. HP: 17/24 MP: 2/2
  1358 | D:2      | Gained mutation: You regenerate a little health from kills.
                  | [demonic ancestry]
  1358 | D:2      | Reached XP level 3. HP: 29/29 MP: 3/3
  1447 | D:2      | Found a radiant altar of Vehumet.
  1759 | D:2      | Noticed Terence
  1775 | D:2      | Killed Terence
  1776 | D:2      | Reached XP level 4. HP: 13/35 MP: 4/4
  2310 | D:2      | Reached ** piety under Qazlal
  2322 | D:2      | Gained mutation: You regenerate health from kills. [demonic
                  | ancestry]
  2322 | D:2      | Reached XP level 5. HP: 17/41 MP: 2/5
  2333 | D:2      | Frozen to death by an endoplasm

Illustrated notes

Levels and vault maps discovered:
D:1:      minmay_arrival_diagonal_passages, layout_rooms,
          hellmonk_ecumenical_altar_heavens_door, hangedman_decor_riveting,
          amcnicky_mini_corridor_feature, dk_noncrumbling_4, minmay_tromino_v2
D:2:      cheibrodos_fertilizer, layout_basic, basic_altar, uniq_terence

Skill      XL: |  1  2  3 |
---------------+----------+-----
Shields        | 3 |  3.5
Axes           | 2 |  2.9
Armour         | 3 |  3.4
Fighting       | |  3.6
Dodging        | |  0.4

Action                   |  1- 3 |  4- 6 || total
-------------------------+-------+-------++-------
Melee: War axe           |   116 |    42 ||   158
  Use: Scroll            |     3 |       ||     3
       Potion            |     1 |     1 ||     2
Armor: Scale mail        |    46 |    11 ||    57
       Chain mail        |       |     6 ||     6
Dodge: Dodged            |    25 |     5 ||    30
Block: Kite shield       |    94 |    27 ||   121
